 Dungeon Crawl Stone Soup version 0.20.1-1-g8b1a95d (webtiles) character file.

77 letownia2 the Grave Robber (level 4, -5/36 HPs)
             Began as a Deep Dwarf Necromancer on Dec 19, 2017.
             Slain by a worm (9 damage)
             ... on level 4 of the Dungeon.
             The game lasted 00:02:58 (900 turns).

letownia2 the Grave Robber (Deep Dwarf Necromancer)  Turns: 900, Time: 00:02:59

Health: -5/36      AC:  9    Str: 11    XL:     4   Next: 13%
Magic:  2/7        EV: 12    Int: 17    God:
Gold:   59         SH:  0    Dex: 13    Spells: 3/7 levels left

rFire    . . .     SeeInvis .   a - +2 mace (protect)
rCold    . . .     Gourm    .   (no shield)
rNeg     . . .     Faith    .   f - +0 robe
rPois    .         Spirit   .   (no helmet)
rElec    .         Reflect  .   (no cloak)
rCorr    .         Harm     .   (no gloves)
MR       .....                  (no boots)
Stlth    ++........             (no amulet)
Regen    0.0/turn               (no ring)
MPRegen  0.1/turn               (no ring)

@: protection aura, non-regenerating
A: damage resistance, heal wounds, sense surroundings 1, no regeneration
a: Heal Wounds


You were on level 4 of the Dungeon.
You were not hungry.

You visited 1 branch of the dungeon, and saw 4 of its levels.

You collected 59 gold pieces.

Inventory:

Hand Weapons
 a - a +2 mace of protection (weapon)
 k - a +0 dagger
Armour
 f - a +0 robe (worn)
Wands
 l - a wand of enslavement (5/24)
Scrolls
 e - 2 scrolls of teleportation {unknown}
 g - 2 scrolls of identify {unknown}
 i - 2 scrolls of recharging {unknown}
 j - a scroll of immolation {unknown}
Potions
 d - a potion of curing {unknown}
Books
 b - a book of Necromancy

   Spells                             Type                      Level
   a - Pain                           Necromancy                   1
   b - Animate Skeleton               Necromancy                   1
   c - Vampiric Draining              Necromancy                   3
   d - Regeneration                   Charms/Necromancy            3
   e - Animate Dead                   Necromancy                   4
   f - Control Undead                 Necromancy                   4
Comestibles
 c - a bread ration
 h - 2 chunks of flesh


   Skills:
 - Level 2.1 Dodging
 - Level 2.4 Stealth
 - Level 2.2 Spellcasting
 + Level 5.9 Necromancy


You had 3 spell levels left.
You knew the following spells:

 Your Spells              Type           Power        Failure   Level  Hunger
a - Pain                  Necr           ###.         1%          1    #......
v - Vampiric Draining     Necr           ###.......   4%          3    ###....


Dungeon Overview and Level Annotations

Branches:
Dungeon (4/15)
 Temple: D:4-7

Altars:

Annotations:
D:3 exclusion: ogre


Innate Abilities, Weirdness & Mutations

You are resistant to damage.
You can heal yourself by infusing magical energy.
You passively map a small area around you.
You do not regenerate.


Message History

The centaur skeleton is moderately damaged.
The centaur skeleton closely misses you.
The centaur skeleton misses you.
You hit the centaur skeleton.
The centaur skeleton is heavily damaged.
The centaur skeleton hits you. The centaur skeleton misses you.
You hit the centaur skeleton but do no damage.
The centaur skeleton is heavily damaged.
The centaur skeleton closely misses you.
The centaur skeleton barely misses you.
You hit the centaur skeleton.
The centaur skeleton is severely damaged.
The centaur skeleton hits you but does no damage. x2
Unknown command.
You sock the centaur skeleton!
You destroy the centaur skeleton!
You have reached level 4!
You feel clever. The worm bites you!
You die...

#...... #...........#######
,
#.#....##.......).........##
.....)............## #.....#
........#O.........#####....
............................
......(.####......##########
.......O.# ##.........##
.##.)..#.############..### *
#....#O.l@w......###...#
################.#####.##
#..####..## ##.....#...
#####..### ##...# ###.. ##


You could see an ogre, a worm and an iguana.

Vanquished Creatures
  A centaur skeleton (D:4)
  4 adders
  A leopard gecko (D:2)
  An orc (D:3)
  A giant cockroach (D:4)
  A goblin (D:4)
  A bat (D:2)
  3 kobolds
  2 rats
15 creatures vanquished.

Notes
Turn   | Place    | Note
-------+----------+-------------------------------------------
     0 | D:1      | letownia2 the Deep Dwarf Necromancer began the quest for the Orb.
     0 | D:1      | Reached XP level 1. HP: 15/15 MP: 3/3
   179 | D:2      | Reached XP level 2. HP: 14/22 MP: 0/5
   386 | D:3      | Noticed an ogre
   420 | D:3      | Reached skill level 5 in Necromancy
   625 | D:3      | Reached XP level 3. HP: 13/28 MP: 0/6
   630 | D:3      | Learned a level 3 spell: Vampiric Draining
   716 | D:4      | Noticed an ogre
   756 | D:3      | Noticed a phantom
   900 | D:4      | Reached XP level 4. HP: 4/36 MP: 2/7
   900 | D:4      | Slain by a worm

Skill      XL: |  1  2 |
---------------+-------+-----
Spellcasting   | 2 |  2.2
Necromancy     | 5 |  5.9
Dodging        | |  2.1
Stealth        | |  2.4

Action                   |  1- 3 |  4- 6 || total
-------------------------+-------+-------++-------
Melee: Unarmed           |     2 |       ||     2
       Mace              |    19 |       ||    19
 Cast: Pain              |    25 |       ||    25
       Vampiric Draining |     6 |       ||     6
Evoke: Wand              |     1 |       ||     1
  Eat: Chunk             |     1 |       ||     1
Armor: Robe              |    17 |       ||    17
Dodge: Dodged            |    52 |       ||    52
